 Dungeon Crawl Stone Soup version 0.23-a0-54-gae6112e (webtiles) character file.

956 galech the Covered (level 8, -6/57 HPs)
             Began as a Gnoll Wanderer on Aug 8, 2018.
             Mangled by an ogre
             ... wielding a +0 giant club
              (12 damage)
             ... on level 4 of the Dungeon.
             The game lasted 00:05:31 (4218 turns).

galech the Covered (Gnoll Wanderer)                 Turns: 4218, Time: 00:05:32

Health: -6/57      AC: 13    Str: 15    XL:     8   Next: 14%
Magic:  12/12      EV:  8    Int: 16    God:
Gold:   224        SH:  0    Dex: 15    Spells: 12/12 levels left

rFire    . . .     SeeInvis .   h - +3 mace
rCold    . . .     Gourm    .   (no shield)
rNeg     . . .     Faith    .   n - +0 chain mail
rPois    .         Spirit   .   (no helmet)
rElec    .         Reflect  .   k - +0 cloak
rCorr    .         Harm     .   o - +0 pair of gloves
MR       +....                  (no boots)
Stlth    ..........             (no amulet)
HPRegen  0.19/turn              i - ring of protection from magic
MPRegen  0.13/turn              (no ring)

@: no status effects
A: distributed training, fangs 1, strong nose
a: no special abilities


You were on level 4 of the Dungeon.
You were not hungry.

You visited 1 branch of the dungeon, and saw 4 of its levels.

You collected 224 gold pieces.

Inventory:

Hand Weapons
 d - a +0 dagger
 h - a +3 mace (weapon)
Armour
 k - a +0 cloak (worn)
 n - a +0 chain mail (worn)
 o - a +0 pair of gloves (worn)
Jewellery
 i - a ring of protection from magic (left hand)
Wands
 v - a wand of digging (11)
 w - a wand of random effects (18)
Scrolls
 a - a scroll of fog {unknown}
 m - 4 scrolls of teleportation
 q - 2 scrolls of identify {unknown}
 r - a scroll of amnesia {unknown}
 s - 2 scrolls of noise {unknown}
 u - a scroll of enchant armour {unknown}
Potions
 b - 3 potions of curing
 e - a potion of invisibility {unknown}
 g - a potion of resistance {unknown}
 j - 2 potions of haste {unknown}
 l - a potion of lignification {unknown}
 p - a potion of ambrosia {unknown}
 t - a potion of agility {unknown}
Comestibles
 c - 2 chunks of flesh
 f - 3 rations


   Skills:
 + Level 2.9 Fighting
 + Level 2.9 Short Blades
 + Level 2.9 Long Blades
 + Level 2.9 Axes
 + Level 5.5 Maces & Flails
 + Level 2.9 Polearms
 + Level 2.9 Staves
 + Level 2.9 Slings
 + Level 2.9 Bows
 + Level 2.9 Crossbows
 + Level 5.5 Throwing
 + Level 7.2 Armour
 + Level 2.9 Dodging
 + Level 6.7 Stealth
 + Level 2.9 Shields
 + Level 2.9 Unarmed Combat
 + Level 2.9 Spellcasting
 + Level 2.3 Conjurations
 + Level 2.3 Hexes
 + Level 2.3 Charms
 + Level 2.3 Summonings
 + Level 2.3 Necromancy
 + Level 2.3 Translocations
 + Level 2.3 Transmutations
 + Level 2.3 Fire Magic
 + Level 2.3 Ice Magic
 + Level 2.3 Air Magic
 + Level 2.3 Earth Magic
 + Level 2.3 Poison Magic
 + Level 3.2 Invocations
 + Level 2.9 Evocations


You had 12 spell levels left.
You didn't know any spells.
Your spell library contained the following spells:

 Spells                   Type           Power        Failure   Level  Hunger
 Apportation              Tloc           ##....       71%         1    #......
 Summon Small Mammal      Summ           ##..         71%         1    #......
 Animate Skeleton         Necr           N/A          71%         1    #......
 Summon Ice Beast         Ice/Summ       ##......     100%        4    #####..
 Call Imp                 Summ           ##......     85%         2    ##.....
 Confusing Touch          Hex            ##....       71%         1    #......
 Call Canine Familiar     Summ           ##......     97%         3    ###....
 Summon Lightning Spire   Summ/Air       ##......     100%        4    #####..
 Summon Guardian Golem    Hex/Summ       ##......     97%         3    ###....


Dungeon Overview and Level Annotations

Branches:
Dungeon (4/15)
 Temple: D:4-7

Altars:
Ashenzari


Innate Abilities, Weirdness & Mutations

Your experience applies equally to all skills.
You have very sharp teeth.
Your uncanny sense of smell can sniff out nearby items.


Message History

You are too injured to fight recklessly!
You are too injured to fight recklessly!
You are too injured to fight recklessly!
You are too injured to fight recklessly!
You are too injured to fight recklessly!
You are too injured to fight recklessly!
You are too injured to fight recklessly!
You are too injured to fight recklessly!
You are too injured to fight recklessly!
You are too injured to fight recklessly!
You are too injured to fight recklessly!
You are too injured to fight recklessly!
You sock the ogre! You bite the ogre.
The ogre is almost dead.
The ogre hits you with a giant club!
* * * LOW HITPOINT WARNING * * *
Your chain mail prevents you from hitting the ogre.
The ogre is almost dead.
The ogre hits you with a giant club!
You die...

## #######..# .#
####....##..#
.###.......##..##
...........#....##
.................##
..................#
..................#
..................#
.##........##...@##
###........#####O.#
##......## #..#
##.....# ....
#....## ..... #
##...# ......# #
##.## ......# . ##
...[...# .


You could see an ogre.

Vanquished Creatures
  Grinder (D:4)
  3 phantoms (D:4)
  An ogre (D:4)
  4 orc wizards (D:4)
  Crazy Yiuf (D:3)
  2 orc priests
  An iguana (D:3)
  2 worker ants (D:4)
  4 gnolls (D:2)
  2 adders (D:2)
  An ooze (D:1)
  An adder skeleton (D:4)
  3 worms
  A dart slug (D:1)
  A leopard gecko (D:2)
  8 orcs
  3 giant cockroaches
  9 hobgoblins
  7 kobolds
  A quokka (D:2)
  2 ball pythons (D:2)
  3 bats (D:1)
  4 frilled lizards
  10 goblins
  5 rats
80 creatures vanquished.

Notes
Turn   | Place    | Note
-------+----------+-------------------------------------------
     0 | D:1      | galech the Gnoll Wanderer began the quest for the Orb.
     0 | D:1      | galech set off with: a +2 mace, a potion of curing, a +0 ring mail, a +0 dagger, a ration
     0 | D:1      | Reached XP level 1. HP: 13/13 MP: 1/1
    26 | D:1      | Reached XP level 2. HP: 11/19 MP: 2/2
   237 | D:1      | Reached XP level 3. HP: 24/25 MP: 3/3
   686 | D:2      | Reached skill level 1 in Invocations
   940 | D:2      | Reached skill level 1 in Fighting
   940 | D:2      | Reached skill level 1 in Short Blades
   940 | D:2      | Reached skill level 1 in Long Blades
   940 | D:2      | Reached skill level 1 in Axes
   940 | D:2      | Reached skill level 1 in Polearms
   940 | D:2      | Reached skill level 1 in Staves
   940 | D:2      | Reached skill level 1 in Slings
   940 | D:2      | Reached skill level 1 in Bows
   940 | D:2      | Reached skill level 1 in Crossbows
   940 | D:2      | Reached skill level 1 in Dodging
   940 | D:2      | Reached skill level 1 in Shields
   940 | D:2      | Reached skill level 1 in Unarmed Combat
   940 | D:2      | Reached skill level 1 in Spellcasting
   940 | D:2      | Reached skill level 1 in Evocations
  1239 | D:2      | Found a shattered altar of Ashenzari.
  1283 | D:2      | Reached XP level 4. HP: 30/32 MP: 5/5
  1653 | D:2      | Reached skill level 1 in Conjurations
  1653 | D:2      | Reached skill level 1 in Hexes
  1653 | D:2      | Reached skill level 1 in Charms
  1653 | D:2      | Reached skill level 1 in Summonings
  1653 | D:2      | Reached skill level 1 in Necromancy
  1653 | D:2      | Reached skill level 1 in Translocations
  1653 | D:2      | Reached skill level 1 in Transmutations
  1653 | D:2      | Reached skill level 1 in Fire Magic
  1653 | D:2      | Reached skill level 1 in Ice Magic
  1653 | D:2      | Reached skill level 1 in Air Magic
  1653 | D:2      | Reached skill level 1 in Earth Magic
  1653 | D:2      | Reached skill level 1 in Poison Magic
  1799 | D:3      | Found a runed door.
  1952 | D:3      | Reached XP level 5. HP: 37/37 MP: 6/6
  2335 | D:3      | Noticed Crazy Yiuf
  2345 | D:3      | Killed Crazy Yiuf
  2503 | D:4      | Noticed Grinder
  2506 | D:4      | Paralysed by Grinder for 3 turns
  2720 | D:4      | Killed Grinder
  2720 | D:4      | Reached skill level 5 in Maces & Flails
  2720 | D:4      | Reached skill level 5 in Throwing
  2720 | D:4      | Reached XP level 6. HP: 31/44 MP: 7/9
  3237 | D:4      | Reached XP level 7. HP: 29/50 MP: 10/10
  3571 | D:4      | Reached skill level 7 in Armour
  4082 | D:4      | Reached XP level 8. HP: 43/57 MP: 12/12
  4218 | D:4      | Mangled by an ogre

Vault maps used:
D:1:      scummos_arrival_star, minmay_domino_2
D:2:      ashenzari_conservatory_becter
D:3:      first_ration, uniq_crazy_yiuf_cottage
D:4:      hangedman_abyss_or_decor_slice, uniq_grinder

Skill      XL: |  1  2  3  4  5  6  7 |
---------------+----------------------+-----
Stealth        | 6 |  6.7
Invocations    | 1 2 3 |  3.2
Fighting       | 1 2 |  2.9
Short Blades   | 1 2 |  2.9
Long Blades    | 1 2 |  2.9
Axes           | 1 2 |  2.9
Polearms       | 1 2 |  2.9
Staves         | 1 2 |  2.9
Slings         | 1 2 |  2.9
Bows           | 1 2 |  2.9
Crossbows      | 1 2 |  2.9
Dodging        | 1 2 |  2.9
Shields        | 1 2 |  2.9
Unarmed Combat | 1 2 |  2.9
Spellcasting   | 1 2 |  2.9
Evocations     | 1 2 |  2.9
Conjurations   | 1 2 |  2.3
Hexes          | 1 2 |  2.3
Charms         | 1 2 |  2.3
Summonings     | 1 2 |  2.3
Necromancy     | 1 2 |  2.3
Translocations | 1 2 |  2.3
Transmutations | 1 2 |  2.3
Fire Magic     | 1 2 |  2.3
Ice Magic      | 1 2 |  2.3
Air Magic      | 1 2 |  2.3
Earth Magic    | 1 2 |  2.3
Poison Magic   | 1 2 |  2.3
Maces & Flails | 5 |  5.5
Throwing       | 5 |  5.5
Armour         | 7 |  7.2

Action                   |  1- 3 |  4- 6 |  7- 9 || total
-------------------------+-------+-------+-------++-------
Melee: Mace              |   100 |   104 |    98 ||   302
       Bite              |    11 |    13 |    15 ||    39
       Punch             |     2 |       |       ||     2
  Use: Scroll            |       |     2 |       ||     2
       Potion            |       |     1 |       ||     1
 Stab: Sleeping          |     6 |       |       ||     6
  Eat: Chunk             |     1 |     4 |     2 ||     7
       Ration            |       |     1 |       ||     1
Armor: Ring mail         |    45 |       |       ||    45
       Chain mail        |    16 |    51 |    46 ||   113
Dodge: Dodged            |    48 |    40 |    39 ||   127

Table legend:
 A = Spawn XP
 B = Non-spawn XP
 C = Spawn XP percentage of total XP
 D = Spawn monster count
 E = Non-spawn monster count
 F = Spawn count percentage of total count
 G = Total turns spent on level
                    A         B        C        D         E        F      G
               +---------+---------+-------+---------+---------+-------+---------
         Total |       0 |    1367 |   0.0 |       0 |      80 |   0.0 |  4218
               +---------+---------+-------+---------+---------+-------+---------
           D:1 |       0 |      45 |   0.0 |       0 |      24 |   0.0 |   534
           D:2 |       0 |     110 |   0.0 |       0 |      20 |   0.0 |  1221
           D:3 |       0 |     142 |   0.0 |       0 |      15 |   0.0 |  1570
           D:4 |       0 |    1070 |   0.0 |       0 |      21 |   0.0 |   893
               +---------+---------+-------+---------+---------+-------+---------
